 Dungeon Crawl Stone Soup version 0.29.1-15-g9cfb28693d (webtiles) character file.

Game seed: 18351285722702246339

67 ces the Sneak (level 4, 23/23 HPs)
             Began as a Spriggan Delver on Oct 29, 2022.
             Got out of the dungeon alive.
             The game lasted 00:08:02 (2179 turns).

ces the Sneak (Spriggan Delver)                     Turns: 2179, Time: 00:08:02

Health: 23/23      AC:  2    Str:  8    XL:     4   Next: 0%
Magic:  5/5        EV: 17    Int: 11    God:
Gold:   89         SH:  0    Dex: 18    Spells: 3/3 levels left

rFire   . . .      SeeInvis +   a - +1 short sword
rCold   . . .      Faith    .   (no shield)
rNeg    . . .      Spirit   .   b - +0 robe
rPois   .          Reflect  .   (helmet restricted)
rElec   .          Harm     .   (no cloak)
rCorr   .          Rampage  .   (gloves unavailable)
Will    .....                   (boots unavailable)
Stlth   ++++......              (no amulet)
HPRegen 0.07/turn               (no ring)
MPRegen 0.09/turn               (no ring)

@: very quick
A: very small, no large weapons, unfitting armour, see invisible, speed 3
a: no special abilities


You escaped.
You visited 1 branch of the dungeon, and saw 5 of its levels.

You collected 89 gold pieces.

Inventory:

Hand Weapons
 a - a +1 short sword (weapon)
Armour
 b - a +0 robe (worn)
Jewellery
 i - an amulet of guardian spirit
Wands
 g - a wand of digging (3)
Scrolls
 c - a scroll of fog
 d - a scroll of magic mapping
 e - a scroll of fear
 l - 2 scrolls of teleportation
 m - a scroll of poison
 o - a scroll of vulnerability {unknown}
 q - a scroll of butterflies {unknown}
Potions
 f - 2 potions of haste
 j - 2 potions of curing
 p - a potion of degeneration {unknown}


   Skills:
 - Level 2.5 Fighting
 + Level 4.0 Short Blades
 - Level 2.7 Dodging
 - Level 7.9 Stealth


You had 3 spell levels left.
You didn't know any spells.
Your spell library contained the following spells:

 Spells                   Type           Power      Damage    Failure   Level
 Poisonous Vapours        Pois/Air       0%         N/A       47%         2
 Scorch                   Fire           0%         2d5       47%         2
 Corpse Rot               Necr/Pois/Air  0%         N/A       98%         4
 Flame Wave               Conj/Fire      0%         2d4       98%         4
 Summon Cactus Giant      Summ           0%         N/A       100%        6


Dungeon Overview and Level Annotations

Branches:
Dungeon (5/15)
 Temple: D:4-7

Altars:


Innate Abilities, Weirdness & Mutations

You are very small and have problems with some larger weapons.
You are too small for most types of armour.
You have supernaturally acute eyesight. (SInv)
You cover ground extremely quickly. (Speed+++)


Message History

The adder is heavily wounded.
The adder closely misses you.
You miss the adder.
The adder is heavily wounded.
The adder misses you.
You hit the adder.
You kill the adder!
Your Short Blades skill increases to level 4!
You have reached level 4!
You hit the orc but do no damage. You hit the orc.
The orc is heavily wounded.
The orc misses you.
You barely miss the orc.
The orc is heavily wounded.
The orc misses you.
You hit the orc.
The orc is heavily wounded.
The orc hits you with a +0 mace!
You barely miss the orc.
The orc is heavily wounded.
The orc hits you with a +0 mace.
You are too injured to fight recklessly!
The orc closely misses you.
Found an escape hatch in the ceiling.
Unknown command.
There is an escape hatch in the ceiling here.
You can't go down here!
A mysterious force pulls you upwards. The hatch slams shut behind you.
You start resting.
HP restored.
You start waiting.
Done waiting.
Welcome back, ces the Spriggan Delver.
Press ? for a list of commands and other information.
There is an open door here.
There is a fountain of clear blue water here.
There is a staircase leading out of the dungeon here.
Are you sure you want to leave the Dungeon?
This will make you lose the game!
You have escaped!

#....÷...............#......
#....###.............#......
#.....##########..####......
#.................# #......
#....#...#####....# ###....
#....#...#...#....## #....
#....#.###.⌠.###...### #....
#....#.#.......#.#...# #....
######.'.⌠.@.⌠.'.###.# #....
#.#.......#.# #.#######
#.###.⌠.###.# #.#...# #
#...#...#...###.#...# #
#...#####...##......# #
#..............#....# #
#...#############.#####
###..# #.####. ##.# #.#....


There were no monsters in sight!

Vanquished Creatures
  2 adders (D:2)
  2 worms (D:2)
  2 dart slugs (D:1)
  3 bats
  2 endoplasms
  A giant cockroach (D:1)
  A goblin (D:2)
  5 hobgoblins
  3 jackals (D:1)
  6 kobolds
  A quokka (D:1)
  4 ball pythons
  4 frilled lizards
  3 rats
39 creatures vanquished.

Notes
Turn   | Place    | Note
-------+----------+-------------------------------------------
     0 | D:5      | ces the Spriggan Delver began the quest for the Orb.
     0 | D:5      | Reached XP level 1. HP: 11/11 MP: 2/2
    59 | D:5      | Noticed a hound
   158 | D:4      | Noticed a scorpion
   497 | D:1      | Reached XP level 2. HP: 13/16 MP: 3/3
  1083 | D:1      | Reached XP level 3. HP: 19/19 MP: 4/4
  1682 | D:1      | Found a faded altar of an unknown god.
  1893 | D:2      | Reached XP level 4. HP: 19/23 MP: 5/5
  2165 | D:1      | Upgraded the game from 0.29.1-2-gbd0b4ee654 to
                  | 0.29.1-15-g9cfb28693d
  2179 | D:$      | Got out of the dungeon alive.

Illustrated notes

Levels and vault maps discovered:
D:1:      dpeg_arrival_simpleton_c, layout_basic,
          chequers_ecumenical_altar_lobes
D:2:      layout_basic
D:3:      layout_loops_ring, ebering_ghost_sewer_f, cheibrodos_sewer_entry_drain
D:4:      layout_basic, serial_shops, kennysheep_mini_moat
D:5:      layout_loops_ring, lemuel_crystal_altar

Skill      XL: |  1  2  3 |
---------------+----------+-----
Short Blades   | 3 4 |  4.0
Fighting       | |  2.5
Dodging        | |  2.7
Stealth        | |  7.9

Action                   |  1- 3 |  4- 6 || total
-------------------------+-------+-------++-------
Melee: Short sword       |   122 |     5 ||   127
       Punch             |     3 |       ||     3
  Use: Scroll            |     4 |       ||     4
       Potion            |     1 |       ||     1
 Stab: Sleeping          |    17 |       ||    17
       Distracted        |     1 |       ||     1
Armor: Robe              |    10 |       ||    10
Dodge: Dodged            |   111 |     3 ||   114
